 Dungeon Crawl Stone Soup version 0.27-a0-797-g27d10ad80f (webtiles) character file.

Game seed: 18420279303541163534

689 stormannn the Magician (level 7, 0/51 HPs)
             Began as a Djinni Hedge Wizard on Mar 28, 2021.
             Was an Initiate of Makhleb.
             Slain by an iguana (5 damage)
             ... on level 4 of the Dungeon.
             The game lasted 00:14:32 (7414 turns).

stormannn the Magician (Djinni Hedge Wizard)        Turns: 7414, Time: 00:14:32

Health: 0/51       AC:  2    Str: 15    XL:     7   Next: 63%
Gold:   148        EV: 13    Int: 17    God:    Makhleb [......] SH:  0 Dex: 13

rFire    + + .     SeeInvis .   l - +5 long sword
rCold    x . .     Faith    .   (no shield)
rNeg     . . .     Spirit   .   b - +0 robe
rPois    ∞         Reflect  .   c - +0 hat
rElec    .         Harm     .   (no cloak)
rCorr    .         Rampage  .   (no gloves)
Will     .....                  (boots unavailable)
Stlth    ++........             (no amulet)
HPRegen  0.17/turn              a - +6 ring of strength
MPRegen  0.00/turn              (no ring)

@: flying
A: fire resistance 2, cold vulnerability 1, float, innate caster, hp casting,
extra vitality 1
a: Renounce Religion


You were on level 4 of the Dungeon.
You worshipped Makhleb.
Makhleb was noncommittal.
You visited 1 branch of the dungeon, and saw 4 of its levels.

You collected 148 gold pieces.

Inventory:

Hand Weapons
 l - a +5 long sword (weapon)
Armour
 b - a +0 robe (worn)
 c - a +0 hat (worn)
Jewellery
 a - a +6 ring of strength (left hand)
Scrolls
 d - a scroll of enchant weapon
 e - a scroll of blinking
 h - a scroll of immolation
 j - a scroll of identify {unknown}
 m - a scroll of teleportation
Potions
 f - a potion of curing {unknown}
 g - a potion of brilliance {unknown}
 i - 3 potions of resistance {unknown}
 k - a potion of degeneration {unknown}
 n - 2 potions of lignification {unknown}


   Skills:
 + Level 3.8 Fighting
 + Level 4.8 Dodging
 - Level 1.5 Stealth
 * Level 5.5 Spellcasting


You couldn't memorise any spells.
You knew the following spells:

 Your Spells              Type           Power      Damage    Failure   Level
a - Magic Dart            Conj           92%        1d7       1%          1
b - Blink                 Tloc           N/A        N/A       2%          2
c - Call Imp              Summ           23%        N/A       2%          2
d - Slow                  Hex            23%        N/A       2%          2
e - Conjure Flame         Conj/Fire      23%        6-21      4%          3
f - Mephitic Cloud        Conj/Pois/Air  23%        N/A       4%          3
g - Corona                Hex            25%        N/A       1%          1
h - Swiftness             Air            23%        N/A       2%          2
i - Lesser Beckoning      Tloc           11%        N/A       4%          3
Your spell library was empty.

Dungeon Overview and Level Annotations

Branches:
Dungeon (4/15)
 Temple: D:4-7

Altars:
Fedhas
Makhleb
Ru

Shops:
D:3 ?

Annotations:
D:3 Jessica


Innate Abilities, Weirdness & Mutations

You are immune to poison.
Your flesh is very heat resistant. (rF++)
You are vulnerable to cold. (rC-)
You float through the air rather than walking.
You learn spells naturally, not from books.
Your magical power is your life essence.
You have superior vitality. (+4 HP)


Message History

An iguana is nearby!
An iguana is nearby!
An iguana is nearby!
Casting: Magic Dart (safe; 1% risk of failure)
Confirm with . or Enter, or press ? or * to list all spells.
Aiming: Magic Dart (safe; 1% risk of failure)
Press: ? - help, Shift-Dir - straight line, f - iguana
Aim: an iguana (0% to evade)
The magic dart hits the iguana.
The iguana is moderately wounded.
Casting: Magic Dart (safe; 1% risk of failure)
Confirm with . or Enter, or press ? or * to list all spells.
Aiming: Magic Dart (safe; 1% risk of failure)
Press: ? - help, Shift-Dir - straight line, f/p - iguana
Aim: an iguana (moderately wounded, 0% to evade)
The magic dart hits the iguana.
The iguana is heavily wounded.
Casting: Magic Dart (safe; 1% risk of failure)
Confirm with . or Enter, or press ? or * to list all spells.
Aiming: Magic Dart (safe; 1% risk of failure)
Press: ? - help, Shift-Dir - straight line, f/p - iguana
Aim: an iguana (heavily wounded, 0% to evade)
The magic dart hits the iguana.
The iguana is heavily wounded.
The iguana bites you!
Casting: Magic Dart (safe; 1% risk of failure)
Confirm with . or Enter, or press ? or * to list all spells.
Aiming: Magic Dart (safe; 1% risk of failure)
Press: ? - help, Shift-Dir - straight line, f/p - iguana
Aim: an iguana (heavily wounded, 0% to evade)
The magic dart hits the iguana.
The iguana is severely wounded.
The iguana bites you.
* * * LOW HITPOINT WARNING * * *
You hit the iguana.
The iguana is severely wounded.
The iguana bites you!
* * * LOW HITPOINT WARNING * * *
The iguana bites you.
You die...

#
#####.........#
## ##........#
.# #.......##
.# ##......##
.# #.......# .#
##.....## .#
###....## .# .
###......# ##
....#..l@....#
.........†##..#
........####..#
.....#### #....
..... ##...#
.... ...# #..
.... ##.


You could see an iguana.

Vanquished Creatures
  Sigmund (D:2)
  A steam dragon (D:4)
  A black bear (D:4)
  A bullfrog (D:4)
  A wight (D:3)
  2 hounds
  An iguana (D:4)
  An orc wizard (D:2)
  3 gnolls (D:4)
  3 adders (D:2)
  A worm (D:4)
  4 dart slugs
  4 orcs (D:3)
  7 ball pythons
  8 endoplasms
  5 giant cockroaches
  5 goblins
  6 hobgoblins
  11 jackals
  2 quokkas
  7 bats
  7 frilled lizards
  6 kobolds
  4 rats
92 creatures vanquished.

Vanquished Creatures (collateral kills)
  Terence (D:2)
  A jackal (D:4)
2 creatures vanquished.

Vanquished Creatures (others)
  3 plants (D:3)
3 creatures vanquished.

Grand Total: 97 creatures vanquished

Notes
Turn   | Place    | Note
-------+----------+-------------------------------------------
     0 | D:1      | stormannn the Djinni Hedge Wizard began the quest for the
                  | Orb.
     0 | D:1      | Reached XP level 1. HP: 15/15 MP: 0/0
   589 | D:1      | Reached XP level 2. HP: 18/22 MP: 0/0
   899 | D:1      | Reached skill level 3 in Spellcasting
  1330 | D:1      | Reached skill level 1 in Fighting
  1513 | D:1      | Reached XP level 3. HP: 21/27 MP: 0/0
  1513 | D:1      | Learned a level 1 spell: Corona
  2379 | D:2      | Reached XP level 4. HP: 25/32 MP: 0/0
  2601 | D:2      | Noticed Sigmund
  2641 | D:2      | HP: 1/32 [Sigmund/magic dart (5)]
  3084 | D:2      | Found a sacrificial altar of Ru.
  3285 | D:2      | Killed Sigmund
  3286 | D:2      | Reached skill level 4 in Spellcasting
  3286 | D:2      | Reached XP level 5. HP: 19/39 MP: 0/0
  3286 | D:2      | Learned a level 2 spell: Swiftness
  3594 | D:2      | Noticed Terence
  3609 | D:2      | Killed Terence
  4170 | D:2      | Reached XP level 6. HP: 40/45 MP: 0/0
  4493 | D:2      | Found a burning altar of Makhleb.
  4502 | D:2      | Became a worshipper of Makhleb the Destroyer
  5021 | D:3      | Found a blossoming altar of Fedhas.
  5955 | D:3      | Found Tubrimpi's Magic Scroll Boutique.
  6013 | D:3      | Found a blossoming altar of Fedhas.
  6048 | D:3      | Noticed Jessica
  6163 | D:4      | Noticed a black bear
  6176 | D:4      | Killed a black bear
  6197 | D:4      | Reached skill level 5 in Spellcasting
  6197 | D:4      | Reached XP level 7. HP: 39/50 MP: 0/0
  6197 | D:4      | Learned a level 3 spell: Lesser Beckoning
  7304 | D:4      | Noticed a steam dragon
  7322 | D:4      | Killed a steam dragon
  7414 | D:4      | Slain by an iguana

Illustrated notes

Levels and vault maps discovered:
D:1:      lightli_arrival_quake, layout_rooms, st_stairs_11
D:2:      layout_basic, makhleb_blood_cavern_becter,
          nicolae_ru_great_annihilating_truth, grunt_decor_junction,
          uniq_sigmund, uniq_terence
D:3:      layout_loops_ring, general_overflow_altar, serial_shops, shop,
          fedhas_ov_isle_minmay, uniq_jessica
D:4:      layout_cave_pods, minmay_temple_entry_statues_fountains

Skill      XL: |  1  2  3  4  5  6 |
---------------+-------------------+-----
Spellcasting   | 3 4 5 |  5.5
Fighting       | 1 2 3 |  3.8
Dodging        | 3 4 |  4.8
Stealth        | |  1.5

Action                   |  1- 3 |  4- 6 |  7- 9 || total
-------------------------+-------+-------+-------++-------
Melee: Dagger            |       |     3 |       ||     3
       Long sword        |       |       |     4 ||     4
 Cast: Magic Dart        |    94 |   147 |    79 ||   320
       Call Imp          |       |     9 |     3 ||    12
       Conjure Flame     |       |     4 |       ||     4
       Mephitic Cloud    |       |     1 |     4 ||     5
       Slow              |       |     1 |       ||     1
       Blink             |       |     1 |       ||     1
       Swiftness         |       |     1 |       ||     1
  Use: Scroll            |       |     7 |       ||     7
Armor: Robe              |     1 |     3 |     1 ||     5
Dodge: Dodged            |     6 |    28 |     9 ||    43
       Rpst.: Long sword |       |       |     3 ||     3

Table legend: (Time is in decaauts)
 A = Elapsed time spent in this place.
 B = Non-inter-level travel time spent in this place.
 C = Inter-level travel time spent in this place.
 D = Time resting spent in this place.
 E = Time spent auto-exploring this place.
 F = Levels seen in this place.
 G = Mean time per level.
                   A        B        C        D        E       F      G
               +--------+--------+--------+--------+--------+-----+--------+
         Total |   7415 |   7166 |    249 |   4459 |   1937 |   4 | 1853.8 |
       Dungeon |   7415 |   7166 |    249 |   4459 |   1937 |   4 | 1853.8 |
               +--------+--------+--------+--------+--------+-----+--------+

Top non-repeatable levels by time:
     D:2: 3007 daAuts
     D:1: 2267 daAuts
     D:4: 1331 daAuts
     D:3: 809 daAuts
